[Event "Early-Titled-Tuesday-Blitz-March-19-2024"]
[Site "Chess.com"]
[Date "2024.03.19"]
[Round "7"]
[White "Mikasinski"]
[Black "cande_francisco"]
[Result "0-1"]
[WhiteElo "2636"]
[BlackElo "2535"]
[TimeControl "180+1"]
[EndTime "9:19:36 PDT"]
[Termination "cande_francisco won on time"]

1. e4 c6 2. d4 d5 3. e5 c5 4. dxc5 Nc6 5. Nf3 e6 6. Bd3 Bxc5 7.
Nbd2 Nge7 8. Nb3 Bb6 9. O-O Ng6 10. Re1 Qc7 11. Qe2 Bd7 12. c3 O-O-O 13. a4 f6 14. Bxg6 hxg6 15. Bf4 g5 16. Bg3 g4 17. Nfd4 Bxd4 18.
exf6 Be5 19. Bxe5 Nxe5 20. Qxe5 Qxe5 21. Rxe5 gxf6 22. Re3 e5 23. a5 Rh5 24. Nd2 Rdh8 25.
Nf1 Bb5 26. h3 gxh3 27. Rxh3 Rxh3 28. gxh3 Rxh3 29. Ne3 Bc6 30. Kg2 Rh5 31. Kg3 Rg5+ 32. Kh4 d4 33. cxd4 exd4 34. Ng4 Rf5 35. Rd1 Rf4 36.
Kg3 Rf3+ 37. Kh4 Rf4 38. Kg3 Rf3+ 39. Kh4 d3 40. Rd2 Bd7 41. Rd1 Rf4 42. Rxd3 Rxg4+ 43. Kh5 Rg5+ 44. Kh6 Rxa5 45. Rf3 f5 46. Kg7 Rc5 47. Kf6 Kc7 48. b3 a5 0-1

[Event "Early-Titled-Tuesday-Blitz-March-19-2024"]
[Site "Chess.com"]
[Date "2024.03.19"]
[Round "7"]
[White "Iball95"]
[Black "RoelandPruijssers"]
[Result "0-1"]
[WhiteElo "2885"]
[BlackElo "2729"]
[TimeControl "180+1"]
[EndTime "9:19:37 PDT"]
[Termination "RoelandPruijssers won by checkmate"]

1. e4 Nf6 2. e5 Nd5 3. c4 Nb6 4. c5 Nd5 5. Bc4 e6 6. d4 b6 7. Nc3 Nxc3 8. bxc3 Ba6 9. Bxa6 Nxa6 10. Qd3 Qc8 11. Nf3 c6 12. cxb6 axb6 13. O-O h6 14. a4 Be7 15. Ba3 c5 16. Rfb1 Nc7 17. dxc5 bxc5 18.
Bc1 O-O 19. c4 Na6 20. Be3 Qc6 21. Rb5 Nb4 22. Qd2 Rfd8 23. h3 d6 24. exd6 Bxd6 25.
Qc3 Qc7 26. a5 Ra6 27. Qb3 Be7 28. g3 Rd3 29. Qb1 Rxe3 30. Nd2 Rd3 31. Rxb4 Rxd2 32. Rb8+ Rd8 33. Rb7 Qd6 34. Qb5 Bf6 35. Rb1 Rda8 36. Rb6 Rxb6 37. axb6 Rb8 38. b7 Bd4 39. Kg2 Qe5 40.
Qb3 Qe4+ 41. Kg1 Qe2 42. Rf1 Qe4 43. Rb1 Kh7 44. h4 Qe2 45. Rf1 Be5 46. Qb6 Qf3 47.
Rb1 Bd4 48. Rb3 Qxf2+ 49. Kh1 Qg1# 0-1

[Event "Early-Titled-Tuesday-Blitz-March-19-2024"]
[Site "Chess.com"]
[Date "2024.03.19"]
[Round "7"]
[White "KNVB"]
[Black "viktorskliarov"]
[Result "1-0"]
[WhiteElo "2822"]
[BlackElo "2594"]
[TimeControl "180+1"]
[EndTime "9:19:37 PDT"]
[Termination "KNVB won by resignation"]

1. e4 c5 2. d3 Nc6 3. Nd2 g6 4. g3 Bg7 5. Bg2 e6 6. Ngf3 Nge7 7. h4 d5 8. h5 Qc7 9. Nf1 Bd7 10. h6 Bf6 11. Ne3 Ne5 12. Nxe5 Bxe5 13. Ng4 f5 14. Nxe5 Qxe5 15. c3 fxe4 16. Bf4 Qf6 17. dxe4 O-O-O 18. e5 Qf7 19. Qd2 Bb5 20. Bg5 Rd7 21. O-O-O Nf5 22. g4 Ne7 23. Rh3 Nc6 24. Rf3 Qe8 25. Bf6 Rf8 26.
Re3 d4 27. Re4 dxc3 28. Qxc3 Rxd1+ 29. Kxd1 Qd7+ 30. Kc1 b6 31. Re1 Nd4 32. Kb1 Bc6 33.
Bxc6 Qxc6 34. a3 Kb7 35. f4 Rf7 36. Rd1 Rd7 37. Ka2 Qe4 38. Qd3 Qd5+ 39. Kb1 c4 40.
Qd2 Qe4+ 41. Ka2 Rd5 42. Qc3 Nb3 43. Rxd5 Qxd5 44. Qe1 b5 45. f5 gxf5 46. gxf5 exf5 47. e6 c3 48. Bxc3 Nc5+ 49. Kb1 Nxe6 50. Qf1 Qe4+ 51.
Ka1 a6 52. Qg1 f4 53. Qg8 f3 54. Qf7+ Kc6 55. Qe8+ Kd5 56. Qa8+ Kd6 57. Qxe4 1-0

[Event "Early-Titled-Tuesday-Blitz-March-19-2024"]
[Site "Chess.com"]
[Date "2024.03.19"]
[Round "7"]
[White "NelsonLinda"]
[Black "stollenmonster"]
[Result "1-0"]
[WhiteElo "2672"]
[BlackElo "2888"]
[TimeControl "180+1"]
[EndTime "9:19:37 PDT"]
[Termination "NelsonLinda won by checkmate"]

1. Nf3 Nf6 2. b3 e6 3. Bb2 d5 4. e3 Be7 5. Be2 O-O 6. O-O b6 7. d4 Bb7 8. c4 c5 9. dxc5 Bxc5 10. Nbd2 Nbd7 11. Rc1 Rc8 12. Rc2 Qe7 13. Qa1 Rfd8 14. cxd5 Bxd5 15. Rfc1 Bb7 16. Nf1 Qf8 17. Ng3 Ne4 18.
Nh5 f6 19. Bc4 Qf7 20. Nf4 Nf8 21. a3 a5 22. Nd3 Bd6 23. Nf4 Bxf4 24. exf4 Qg6 25.
Ne1 Nd2 26. Bd4 Rxc4 27. Rxc4 Nxb3 28. Qb2 Nxc1 29. Rxc1 Qe4 30. Bxb6 Rd5 31. f3 Qxf4 32. Bc7 Qe3+ 33. Kh1 Ba6 34. Bb6 Qf4 35. Qc3 Qd2 36. Qxd2 Rxd2 37. Bxa5 Ra2 38. Bb4 Ng6 39. Nc2 e5 40. Ne3 Nf4 41. Ng4 Kf7 42. Ne3 h5 43. g3 Ne2 44. Rd1 h4 45. Rd7+ Ke6 46. Re7# 1-0

[Event "Early-Titled-Tuesday-Blitz-March-19-2024"]
[Site "Chess.com"]
[Date "2024.03.19"]
[Round "7"]
[White "newauto"]
[Black "rhwr"]
[Result "0-1"]
[WhiteElo "2139"]
[BlackElo "2334"]
[TimeControl "180+1"]
[EndTime "9:19:37 PDT"]
[Termination "rhwr won by resignation"]

1. d4 c5 2. Nf3 cxd4 3. Nxd4 Nf6 4. c3 Nc6 5. Bg5 e6 6. e3 Be7 7. Nd2 O-O 8. Bd3 d5 9. O-O h6 10. Bh4 e5 11. Nxc6 bxc6 12. e4 Qb6 13. exd5 cxd5 14.
Qb3 e4 15. Be2 Be6 16. Qxb6 axb6 17. Nb3 g5 18. Bg3 Nd7 19. Rfd1 f5 20. f4 Bc5+ 21. Nxc5 Nxc5 22. fxg5 hxg5 23. Bd6 Rfc8 24. Be7 g4 25. Bg5 Kf7 26. Be3 Nd7 27. Rf1 Kg6 28. Bd4 Nc5 29. g3 Bd7 30. Rfd1 Bc6 31. b3 Rcb8 32. Kf2 Rb7 33. Ke3 Rh7 34. Rh1 Ne6 35. Bxb6 Rah8 36. h4 gxh3 37. Rh2 f4+ 38. gxf4 Kf5 39. Rg1 Rg7 40. Rxg7 Nxg7 41. Bd4 Rh7 42. Bxg7 Rxg7 43. Rxh3 Ra7 44. a4 Bd7 45. Rh5+ Ke6 46. Rh6+ Kf5 47. Rd6 Be6 48. Bg4+ Kxg4 49. Rxd5 Bxd5 50. Kd4 Bxb3 51. a5 Rxa5 0-1

[Event "Early-Titled-Tuesday-Blitz-March-19-2024"]
[Site "Chess.com"]
[Date "2024.03.19"]
[Round "7"]
[White "Sofia_Blokhin"]
[Black "Viktoker"]
[Result "0-1"]
[WhiteElo "2258"]
[BlackElo "2551"]
[TimeControl "180+1"]
[EndTime "9:19:38 PDT"]
[Termination "Viktoker won on time"]

1. d4 Nf6 2. c4 e6 3. Nc3 d5 4. Nf3 Be7 5. e3 a6 6. cxd5 exd5 7. Bd3 Bg4 8. O-O O-O 9. Qc2 Nbd7 10. Ne5 Bh5 11. f4 c5 12. Bf5 Bg6 13. Nxd7 Qxd7 14. Bxg6 hxg6 15. f5 Bd6 16. fxg6 fxg6 17. Qxg6 Ng4 18.
Bd2 Bxh2+ 19. Kh1 Bg3 20. Nxd5 Nf2+ 21. Kg1 Qxd5 22. Qxg3 Ne4 23. Qe1 Rxf1+ 24. Kxf1 Rf8+ 25. Kg1 cxd4 26. exd4 Qxd4+ 27. Be3 Qxb2 28. Rb1 Qxa2 29. Rxb7 Qd5 30. Rb6 Qd3 31. Rb7 a5 32. Ra7 Rf1+ 33. Qxf1 Qxe3+ 34. Kh2 Qxa7 35. Qc4+ Kh8 36. Qxe4 g6 37.
Qe8+ Kh7 38. Qe4 a4 39. Qh4+ Kg7 40. Qb4 Qd7 41. Qc3+ Kh7 42. Qc4 a3 43. Qa6 Qe7 44. Qa8 Kg7 45. Qa6 Kh6 46. Qa4 Qe5+ 47. Kg1 Qc5+ 48.
Kh2 Kg5 49. Kg3 Qe3+ 50. Kh2 Qf4+ 51. Qxf4+ Kxf4 52. g3+ Ke3 0-1

[Event "Early-Titled-Tuesday-Blitz-March-19-2024"]
[Site "Chess.com"]
[Date "2024.03.19"]
[Round "7"]
[White "wonderfultime"]
[Black "ViIIagra"]
[Result "1/2-1/2"]
[WhiteElo "3068"]
[BlackElo "2928"]
[TimeControl "180+1"]
[EndTime "9:19:39 PDT"]
[Termination "Game drawn by repetition"]

1. d4 d6 2. e4 Nf6 3. Nc3 e5 4. Nf3 Nbd7 5. Bc4 Be7 6. O-O O-O 7. Re1 c6 8. a4 h6 9. h3 Re8 10. a5 Bf8 11. Ba2 exd4 12. Nxd4 Nc5 13. f3 d5 14. e5 Nh5 15. f4 Ng3 16. Be3 Nce4 17. Nxe4 Nxe4 18. a6 Bc5 19. axb7 Bxb7 20. c3 Bb6 21. Bb1 c5 22. Nf5 Re6 23. Bxe4 dxe4 24. Nd6 Bc6 25. Qh5 Rxd6 26. exd6 Qxd6 27. Rad1 Qe7 28. f5 f6 29. Qg4 Kh8 30. Rd2 Re8 31. Red1 Qf7 32. Rd6 Ba4 33. R1d2 Bb5 34. Re6 Bd3 35.
Rxe8+ Qxe8 36. Qf4 c4 37. Rd1 Qe5 38. Qf2 Bxe3 39.
Qxe3 Qxf5 40. Ra1 Qb5 41. Rxa7 Qxb2 42. Re7 Qxc3 43. Kh2 Qa5 44. Qg3 Qg5 45. Qc7 Kh7 46. Re8 h5 47. Qc8 Qf4+ 48. Kh1 Qf1+ 49. Kh2 Qf4+ 50.
Kh1 Qf1+ 51. Kh2 Qf4+ 1/2-1/2

[Event "Early-Titled-Tuesday-Blitz-March-19-2024"]
[Site "Chess.com"]
[Date "2024.03.19"]
[Round "7"]
[White "willcab71"]
[Black "ArchibaldCerveza29"]
[Result "1-0"]
[WhiteElo "2145"]
[BlackElo "2398"]
[TimeControl "180+1"]
[EndTime "9:19:39 PDT"]
[Termination "willcab71 won by resignation"]

1. d4 Nf6 2. c4 g6 3. Nc3 Bg7 4. e4 d6 5. Nge2 O-O 6. Ng3 c5 7. d5 e6 8. Be2 h5 9. Bg5 exd5 10. cxd5 Qa5 11. Qd2 Re8 12. O-O a6 13. a4 Nbd7 14. f3 Ne5 15. Nh1 Qb4 16. Nf2 Nc4 17. Bxc4 Qxc4 18.
Rfd1 Qb4 19. a5 c4 20. Be3 Bd7 21.
Ra3 b5 22. Rda1 Nxd5 23. exd5 Bf5 24. Nfd1 Re5 25. Bb6 Rae8 26. Ne3 Rxe3 27. Bxe3 Rxe3 28. Qxe3 Qxb2 29. R1a2 Qb4 30. g3 Qc5 31. Qxc5 dxc5 32. Ne4 b4 33. Ra4 b3 34. Re2 b2 35. Rxb2 Bxb2 36.
Rxc4 Kg7 37. Kg2 Bd4 38. Nxc5 Bxc5 39. Rxc5 Bd3 40. Rc6 Bb5 41. Rb6 Kf8 42. d6 Ke8 43. h4 Kd7 44. Kf2 Bc4 45. f4 f5 46. Ke3 Ke6 47. Kd4 Bf1 48. Kc5 Kd7 49. Rb7+ Kc8 50. Rg7 Bg2 51. Rxg6 Be4 52. Rg5 1-0

[Event "Early-Titled-Tuesday-Blitz-March-19-2024"]
[Site "Chess.com"]
[Date "2024.03.19"]
[Round "7"]
[White "GeorgiosSouleidis"]
[Black "Bob_2004"]
[Result "1-0"]
[WhiteElo "2672"]
[BlackElo "2389"]
[TimeControl "180+1"]
[EndTime "9:19:41 PDT"]
[Termination "GeorgiosSouleidis won on time"]

1. e4 c5 2. Be2 g6 3. d3 Bg7 4. f4 Nc6 5. Nf3 e6 6. O-O Nge7 7. c3 O-O 8. Be3 b6 9. d4 cxd4 10. cxd4 d5 11. e5 Nf5 12. Bf2 Bb7 13. g4 Nh6 14. h3 Rc8 15. Nc3 a6 16. Rc1 b5 17.
Qd2 Qb6 18. Be3 f5 19. exf6 Bxf6 20. g5 Nf5 21. gxf6 Rxf6 22. Kh2 Rcf8 23. Ne5 Nxe3 24.
Qxe3 Qxd4 25. Qxd4 Nxd4 26. Nd7 Rxf4 27. Nxf8 Rxf8 28.
Rxf8+ Kxf8 29. Bf1 Ke7 30. Bg2 Kd6 31. Kg3 b4 32. Rb1 bxc3 33. bxc3 Nf5+ 34. Kf4 Bc6 35. Rb6 e5+ 36. Kg5 h6+ 37. Kf6 Kc5 38. Rxa6 Ne3 39. Bf3 e4 40. Be2 Bb5 41. Bxb5 Kxb5 42.
Ra8 Kc4 43. Rc8+ Kd3 44. Ke5 Nc2 45. Kxd5 e3 46. Re8 e2 47. Rxe2 Kxe2 48. a4 Ne3+ 49.
Kc5 g5 50. a5 g4 51. hxg4 Nxg4 52. a6 Nf6 53. a7 Nd7+ 54. Kc6 1-0

[Event "Early-Titled-Tuesday-Blitz-March-19-2024"]
[Site "Chess.com"]
[Date "2024.03.19"]
[Round "7"]
[White "Agibileg"]
[Black "chess94cu"]
[Result "0-1"]
[WhiteElo "2812"]
[BlackElo "2643"]
[TimeControl "180+1"]
[EndTime "9:19:42 PDT"]
[Termination "chess94cu won on time"]

1. d4 Nf6 2. c4 e6 3. Nc3 Bb4 4. e3 b6 5. Ne2 c5 6. d5 b5 7. a3 Ba5 8. b3 bxc4 9. bxc4 O-O 10. Bd2 Ba6 11. Ng3 exd5 12. cxd5 Bxf1 13. Nxf1 d6 14.
Ng3 Nbd7 15. O-O Ne5 16. e4 Nc4 17. Rc1 Re8 18. Bg5 h6 19. Bh4 g5 20. Nf5 gxh4 21.
Nb5 Nd2 22. Nbxd6 Nxf1 23. Qxf1 Rxe4 24. Nxe4 Nxe4 25. Qe2 Qg5 26. Ne3 Bc7 27. Rc4 Re8 28.
Qd3 f5 29. d6 Bxd6 30. Qd5+ Kh8 31. Rxe4 fxe4 32. Qxd6 h3 33. Qc6 Rd8 34. Qxe4 hxg2 35.
h4 Qf6 36. Qc4 Rf8 37. Ng4 Qd4 38. Qe2 h5 39. Ne3 Qa1+ 40. Kxg2 Rg8+ 41. Kf3 Qh1+ 42. Kf4 Qxh4+ 43. Ke5 Qd4+ 44. Ke6 Re8+ 0-1

[Event "Early-Titled-Tuesday-Blitz-March-19-2024"]
[Site "Chess.com"]
[Date "2024.03.19"]
[Round "7"]
[White "Quattroporte300"]
[Black "MightyMike_009"]
[Result "0-1"]
[WhiteElo "2498"]
[BlackElo "2719"]
[TimeControl "180+1"]
[EndTime "9:19:42 PDT"]
[Termination "MightyMike_009 won on time"]

1. e4 e5 2. Nf3 Nc6 3. d4 exd4 4. Nxd4 Qf6 5. Nf3 Bb4+ 6. c3 Bc5 7. Be2 Nge7 8. O-O d6 9. a4 a5 10. Nbd2 O-O 11. h3 Ng6 12. Nc4 Nf4 13. Bxf4 Qxf4 14. Qd3 f5 15. exf5 Bxf5 16. Qd2 Be6 17. b3 Qf6 18. Rad1 Kh8 19. Kh2 Rae8 20. Qc2 Bf5 21. Qd2 Re7 22. Ne3 Be6 23. Nc4 Rfe8 24. Qg5 Qf8 25. Bd3 Bg8 26. Nfd2 d5 27. Ne3 Bd6+ 28. Kh1 Bf4 29. Qh4 g5 30. Qg4 Ne5 31. Qh5 Nxd3 32. Ng4 Bf7 33. Qh6 Bg6 34. Nf3 Qxh6 35. Nxh6 Kg7 36.
Ng4 h5 37. Ne3 Bxe3 38. fxe3 Rxe3 39. Nxg5 Re1 40. Rfxe1 Rxe1+ 41. Rxe1 Nxe1 42. Ne6+ Kf6 43. Nxc7 Ke5 44. Kg1 Bc2 45. b4 axb4 46. cxb4 Bxa4 47. Kf2 Nd3+ 48. Ke3 Nxb4 49. g4 d4+ 50. Kd2 h4 51. g5 Kf5 52. g6 Kxg6 53. Ne6 Nc6 54. Nc5 Bb5 55. Nxb7 Bf1 0-1

[Event "Early-Titled-Tuesday-Blitz-March-19-2024"]
[Site "Chess.com"]
[Date "2024.03.19"]
[Round "7"]
[White "MdChess1734"]
[Black "Predator0608"]
[Result "1/2-1/2"]
[WhiteElo "2363"]
[BlackElo "2550"]
[TimeControl "180+1"]
[EndTime "9:19:45 PDT"]
[Termination "Game drawn - insufficient material"]

1. e4 c5 2. Nf3 d6 3. d4 cxd4 4. Nxd4 Nf6 5. Nc3 a6 6. Bg5 e6 7. f4 Nbd7 8. Qf3 Be7 9. O-O-O Qc7 10. g4 b5 11. Bxf6 Nxf6 12. g5 Nd7 13. f5 Bxg5+ 14.
Kb1 Ne5 15. Qh5 Qd8 16. fxe6 g6 17. exf7+ Kxf7 18. Qe2 Kg7 19. Qg2 Ra7 20. Be2 Rf8 21. Nd5 Raf7 22. Rdf1 Bh4 23. Rxf7+ Rxf7 24. Rf1 Qf8 25.
Rxf7+ Qxf7 26. a3 Qa7 27. Qg1 Qf7 28. Qg2 Bf2 29. Nf3 Nxf3 30. Bxf3 Bd4 31. Bg4 Bb7 32. h4 Be5 33. h5 Bxd5 34. exd5 Qf6 35. c3 Qg5 36. hxg6 Qxg6+ 37. Ka2 h5 38. Bf3 Qxg2 39. Bxg2 Kf6 40. Kb3 a5 41. a4 b4 42. cxb4 axb4 43.
Kxb4 Bxb2 44. Kc4 Ke5 45. a5 Bd4 46. Bh3 Bc5 47. Be6 h4 48. Kb5 Ke4 49. a6 h3 50.
Bxh3 Kxd5 51. Bg2+ Ke5 52. Kc6 Bg1 53. Kb7 Ke6 54. a7 Bxa7 55. Kxa7 d5 56. Bxd5+ 1/2-1/2

[Event "Early-Titled-Tuesday-Blitz-March-19-2024"]
[Site "Chess.com"]
[Date "2024.03.19"]
[Round "7"]
[White "Bauman_Guy"]
[Black "Aradhya2000"]
[Result "1-0"]
[WhiteElo "2929"]
[BlackElo "2722"]
[TimeControl "180+1"]
[EndTime "9:19:46 PDT"]
[Termination "Bauman_Guy won by resignation"]

1. e4 e5 2. Nf3 Nc6 3. Bb5 a6 4. Ba4 Nf6 5. O-O Be7 6. d3 b5 7.
Bb3 d6 8. a4 Rb8 9. axb5 axb5 10. Nc3 O-O 11. Nd5 Be6 12. c3 Qd7 13. h3 Ra8 14.
Be3 Bxd5 15. exd5 Na5 16. Ba2 c6 17. b4 Nb7 18. dxc6 Qxc6 19. c4 Rfc8 20. c5 Nd5 21.
Qb3 Rxa2 22. Rxa2 dxc5 23. Nxe5 Qe6 24. Ra7 Qxe5 25. Rxb7 Bd6 26. g3 c4 27. dxc4 bxc4 28. Qa3 c3 29. Bc5 h5 30. Rd7 Bb8 31. Qb3 Nc7 32.
Qxf7+ Kh7 33. Bd4 Qg5 34. Bxg7 Qg6 35. Bxc3+ Qxf7 36. Rxf7+ Kg6 37. Rf6+ Kh7 38. Rc6 Re8 39. Rd1 Re7 40. Bf6 Rf7 41. Be5 Na6 42. Bxb8 Nxb8 43.
Rcd6 Rb7 44. R1d4 Kg7 45. Kg2 Rb5 46. Kf3 Rf5+ 47. Ke2 Re5+ 48. Kd2 Rf5 49. f4 Rb5 50. Kc3 Rb7 51. Kb3 Ra7 52. Rb6 Nd7 53. Rb5 Nf6 54.
g4 hxg4 55. hxg4 Kf7 56. g5 Ng4 57. f5 Ne3 58. Re5 Ng2 59. Rg4 1-0

[Event "Early-Titled-Tuesday-Blitz-March-19-2024"]
[Site "Chess.com"]
[Date "2024.03.19"]
[Round "7"]
[White "tetrix83"]
[Black "wild3000"]
[Result "1-0"]
[WhiteElo "2608"]
[BlackElo "2437"]
[TimeControl "180+1"]
[EndTime "9:19:49 PDT"]
[Termination "tetrix83 won by checkmate"]

1. e4 a6 2. d4 e6 3. Nf3 b5 4.
Bd3 Bb7 5. O-O d6 6. Re1 Nf6 7. Nbd2 Be7 8. Nf1 c5 9. c3 cxd4 10. cxd4 Nbd7 11. Ng3 O-O 12. Bf4 Nb6 13. Qe2 Rc8 14. Rad1 Qd7 15. Bb1 Nc4 16. h4 Ba8 17. h5 Qb7 18. h6 g6 19. Bg5 Rfd8 20. Nh2 Ne8 21. Bc1 b4 22. Bd3 Qc7 23. Nf3 a5 24.
Bg5 Bxg5 25. Nxg5 Qe7 26. Nxf7 Nxb2 27. Nxd8 Nxd1 28. Qxd1 Rxd8 29. Bc4 Nf6 30. Qa4 d5 31. exd5 Bxd5 32. Bb3 Bxb3 33. axb3 Rd5 34. Qc6 Kf7 35. Qa8 Ng8 36. Ne4 Rxd4 37. Qxa5 Rd5 38. Qa8 Re5 39. Qb8 Rf5 40. Nd6+ Kf6 41. Nxf5 Kxf5 42. Qxg8 e5 43. Qc4 Kg5 44. Qe4 Kf6 45. Re3 Qe6 46. Rf3+ Ke7 47. Qb7+ Kd6 48. Qb6+ Kd5 49. Qb5+ Ke4 50. Qxb4+ Kd5 51.
Qc4+ Kd6 52. Rd3+ Ke7 53. Qxe6+ Kxe6 54. b4 e4 55. Re3 Ke5 56. b5 Kd4 57. b6 Kd5 58. b7 g5 59. b8=Q g4 60. Qf4 g3 61.
Qxe4+ Kd6 62. Rd3+ Kc7 63. Qc4+ Kb8 64. Rb3+ Ka8 65.
Qa4# 1-0

[Event "Early-Titled-Tuesday-Blitz-March-19-2024"]
[Site "Chess.com"]
[Date "2024.03.19"]
[Round "7"]
[White "Matrix3x3a"]
[Black "Adar_07"]
[Result "1-0"]
[WhiteElo "2647"]
[BlackElo "2832"]
[TimeControl "180+1"]
[EndTime "9:19:51 PDT"]
[Termination "Matrix3x3a won by resignation"]

1. d4 c5 2. e4 cxd4 3. Nf3 e5 4. c3 dxc3 5. Nxc3 Nc6 6. Bc4 Be7 7. Qd5 d6 8. Qxf7+ Kd7 9. Be6+ Kc7 10. Nd5+ Kb8 11. Bxc8 Kxc8 12. Qxg7 Bf6 13. Qg4+ Qd7 14. Qxd7+ Kxd7 15.
Be3 Bd8 16. O-O-O Nf6 17. Nxf6+ Bxf6 18. Kb1 Rhg8 19. g3 Ke6 20. h3 Be7 21. Rd2 Raf8 22. Ne1 b5 23. Nc2 a5 24. Na3 Rb8 25. Rhd1 Rgc8 26. Nc2 b4 27. Ne1 a4 28. h4 Na5 29.
Ng2 Nc4 30. Re2 b3 31. a3 Rc6 32. Bc1 Rbc8 33. Ne3 Na5 34. Bd2 Rc2 35. Rde1 Nc6 36. Nxc2 bxc2+ 37. Kxc2 Nd4+ 38. Kd3 Nxe2 39. Rxe2 d5 40. exd5+ Kxd5 41. Bc3 Bd6 42. Re4 Ra8 43. f3 Ra7 44. g4 Rf7 45. Ke2 Ra7 46. h5 Ra6 47. Kd3 Ra7 48. Bb4 Bb8 49. Bd2 Bd6 50.
g5 Rf7 51. Ke2 Ra7 52. Bc3 Ra8 53. g6 hxg6 54. hxg6 Ra7 55. Rg4 Rg7 56. Kd3 Ke6 57. Ke4 Bc7 58. f4 Rg8 59. Bxe5 Bxe5 60. fxe5 Rg7 61. Rg5 Ke7 62. Kf5 Rg8 63. g7 Kf7 64. e6+ Ke7 65. Ke5 Ke8 66. Kf6 1-0

[Event "Early-Titled-Tuesday-Blitz-March-19-2024"]
[Site "Chess.com"]
[Date "2024.03.19"]
[Round "7"]
[White "nekotyanof"]
[Black "Zohid6"]
[Result "1-0"]
[WhiteElo "2675"]
[BlackElo "2857"]
[TimeControl "180+1"]
[EndTime "9:19:53 PDT"]
[Termination "nekotyanof won on time"]

1. e4 e5 2. Nf3 Nf6 3. Nc3 Nc6 4. d4 exd4 5. Nxd4 Bb4 6. Nxc6 bxc6 7. Bd3 d5 8. exd5 O-O 9. O-O cxd5 10. h3 c6 11. Qf3 Bd6 12. Bf4 Rb8 13. b3 Rb4 14. Bxd6 Qxd6 15. Ne2 c5 16. Rad1 Rh4 17. Qg3 Qxg3 18. fxg3 Rh5 19. c4 d4 20. Nf4 Re5 21. Rfe1 Rfe8 22.
Kf2 Kf8 23. a3 g5 24. Rxe5 Rxe5 25. Ne2 a5 26. g4 Bb7 27. Ng3 Ke8 28. Nf5 Kd7 29.
g3 Be4 30. b4 Bxd3 31. Rxd3 axb4 32. axb4 Kc6 33. bxc5 Kxc5 34. Kf3 h5 35. Ra3 hxg4+ 36.
hxg4 Re8 37. Ra5+ Kb4 38. Rb5+ Kc3 39. Ra5 d3 40. Ra3+ Kd2 41. c5 Rc8 42. Ra5 Kc3 43. Ra3+ Kd2 44. Ra5 Nd5 45. Nd6 Rb8 46. Ke4 Nc3+ 47.
Kd4 Ne2+ 48. Kc4 Nxg3 49. c6 Rb1 50. Kd5 Rc1 51. Nc4+ Ke1 52. c7 d2 53. Nxd2 Rxc7 54. Nf3+ Kf2 55. Nxg5 Ke3 56. Ke5 Rb7 57. Kf6 Kf2 58.
Nxf7 1-0

[Event "Early-Titled-Tuesday-Blitz-March-19-2024"]
[Site "Chess.com"]
[Date "2024.03.19"]
[Round "7"]
[White "TV27"]
[Black "BashiqChess"]
[Result "1-0"]
[WhiteElo "2271"]
[BlackElo "2434"]
[TimeControl "180+1"]
[EndTime "9:19:54 PDT"]
[Termination "TV27 won by resignation"]

1. f4 d5 2. Nf3 Bf5 3. e3 e6 4. b3 Nf6 5. Bb2 Be7 6. c4 c6 7. Nc3 h6 8. Be2 Na6 9. O-O Nb4 10. a3 Nd3 11. Ra2 Nxb2 12. Rxb2 Bxa3 13. Ra2 Bb4 14. Ne5 Bxc3 15. dxc3 O-O 16. c5 Ne4 17. Qd4 f6 18.
Nd3 Nd2 19. Rxd2 Qc7 20. g4 Be4 21. Nf2 e5 22. fxe5 fxe5 23. Qa4 Bg6 24. g5 hxg5 25. Qg4 Qe7 26. Nh3 Rxf1+ 27. Bxf1 Qxc5 28. Qxg5 Qxc3 29. Rg2 Rf8 30. Qxg6 Qxe3+ 31. Nf2 Rf7 32. h4 Qc5 33. h5 Kf8 34. h6 gxh6 35. Qxh6+ Ke7 36. Qh4+ Kd7 37.
Rg8 Rf8 38. Qh7+ Qe7 39. Bh3+ Kd6 40. Rg6+ Rf6 41. Rg7 Qe8 42. Nd3 c5 43. Rd7+ Kc6 44. Rc7+ Kd6 45. Qd7+ Qxd7 46. Rxd7+ Kc6 47. Nxe5+ Kb6 48.
Bg2 Rf5 49. Rxd5 Ka6 50. Rxc5 b6 51. Rd5 Rg5 52. Nd3 b5 53. Rxg5 Ka5 54. Ne5 Kb4 55.
Rg3 a5 56. Nc6+ Kc5 57. Nxa5 Kb6 1-0

[Event "Early-Titled-Tuesday-Blitz-March-19-2024"]
[Site "Chess.com"]
[Date "2024.03.19"]
[Round "7"]
[White "mitrabhaa"]
[Black "Nitzan_Steinberg"]
[Result "1-0"]
[WhiteElo "3070"]
[BlackElo "2875"]
[TimeControl "180+1"]
[EndTime "9:19:56 PDT"]
[Termination "mitrabhaa won by checkmate"]

1. Nf3 d5 2. c4 d4 3. b4 f6 4. d3 e5 5. a3 a5 6. b5 Nd7 7.
g3 Nc5 8. Bg2 a4 9. O-O Be6 10.
Bd2 Bd6 11. Bb4 Ne7 12. Nbd2 O-O 13. Bxc5 Bxc5 14. Ne4 Bb6 15. Rb1 c5 16. bxc6 bxc6 17. Ne1 Qc7 18. Nc2 Rfb8 19. Rb2 Bf7 20. Qa1 h6 21. Rfb1 f5 22. Nd2 Ba5 23. Nb4 Kh7 24. h3 Rb6 25. c5 Rb5 26. Nc4 Bxc4 27. dxc4 Rxc5 28. Nd3 Rxc4 29. Rb7 Qd6 30. Qa2 Rc3 31. Qf7 Bc7 32. f4 exf4 33. Nxf4 Rxg3 34. Rf1 d3 35. exd3 Rb8 36. Rxb8 Bxb8 37. Kh1 Rg5 38. Rf2 Ng6 39.
Bd5 cxd5 40. Ne6 Ne5 41. Nxg5+ hxg5 42. Qxf5+ Qg6 43. Qc8 Nxd3 44. Rf8 Qe4+ 45. Kg1 Qe3+ 46. Kf1 Qe1+ 47. Kg2 Qe2+ 48. Kg1 Ba7+ 49. Kh1 Qe1+ 50.
Kg2 Qg1+ 51. Kf3 Ne5+ 52. Ke2 Qg2+ 53. Kd1 Be3 54. Rh8+ Kg6 55. Qe6# 1-0

[Event "Early-Titled-Tuesday-Blitz-March-19-2024"]
[Site "Chess.com"]
[Date "2024.03.19"]
[Round "7"]
[White "arnash_bauyrzhan"]
[Black "Ginger_GM"]
[Result "1-0"]
[WhiteElo "2378"]
[BlackElo "2577"]
[TimeControl "180+1"]
[EndTime "9:19:56 PDT"]
[Termination "arnash_bauyrzhan won on time"]

1. e4 c5 2. Nf3 d6 3. Bb5+ Nc6 4. O-O Bd7 5. c3 a6 6. Bxc6 Bxc6 7. d3 e6 8. Qe2 Nf6 9. Bg5 Be7 10. Nbd2 O-O 11. d4 cxd4 12. cxd4 d5 13. e5 Ne4 14. Bxe7 Qxe7 15. Nxe4 dxe4 16. Nd2 Rfd8 17. Qe3 Qb4 18. Nxe4 Qxd4 19. Qxd4 Rxd4 20. Nc3 Rad8 21. Rad1 f6 22. exf6 gxf6 23. Rxd4 Rxd4 24. Rd1 Rxd1+ 25. Nxd1 Kf7 26.
f3 e5 27. Kf2 Ke6 28. Ke3 f5 29. Nc3 h5 30. h4 f4+ 31. Kd3 Kf5 32. Nd1 Bb5+ 33.
Kd2 Bf1 34. Nf2 Bxg2 35. Ke2 Ke6 36. Ne4 b6 37. Ng5+ Kd5 38. Kf2 Bh1 39. Kg1 Bxf3 40.
Nxf3 e4 41. Ng5 Kd4 42. Kf2 Kd3 43. Nh3 e3+ 44. Kf3 Kc2 45. Nxf4 Kxb2 46. a4 b5 47. axb5 axb5 48. Kxe3 Kc3 49. Nxh5 b4 50. Nf4 b3 51. Nd3 Kc4 52. h5 Kd5 53. h6 1-0

[Event "Early-Titled-Tuesday-Blitz-March-19-2024"]
[Site "Chess.com"]
[Date "2024.03.19"]
[Round "7"]
[White "gpsji27"]
[Black "MalyDominator"]
[Result "0-1"]
[WhiteElo "2350"]
[BlackElo "2539"]
[TimeControl "180+1"]
[EndTime "9:19:56 PDT"]
[Termination "MalyDominator won by resignation"]

1. d4 Nf6 2. Nf3 e5 3. Nxe5 Nc6 4. Bg5 Be7 5. Nxc6 dxc6 6. Nc3 h6 7. Bh4 O-O 8. e3 Re8 9. Bd3 Bg4 10. Qd2 c5 11.
dxc5 Bxc5 12. O-O Qe7 13. Nd5 Qd6 14. Nxf6+ gxf6 15. Bg3 Qb6 16. Qc3 Kg7 17. a3 Rad8 18.
b4 Bd6 19. Qc4 Be6 20. Qh4 Bxg3 21. Qxg3+ Kh8 22. Qf4 Kg7 23. Rad1 Rd5 24. c4 Rg5 25. c5 Qc6 26. Be4 Qa4 27. h4 Rg4 28. Qf3 Qxa3 29.
Bxb7 Qxb4 30. Bd5 Rxh4 31. Bxe6 Rxe6 32. Qg3+ Rg4 33. Qxc7 Qe4 34. Qh2 f5 35. Rd4 Qc6 36. Rxg4+ fxg4 37. Rc1 Rg6 38. Qf4 a5 39. Qd4+ Kh7 40.
Qc4 Kg7 41. Qc3+ Kh7 42. Qxa5 g3 43. f3 Qd5 44. Qc7 Kg7 45. Qf4 Qh5 46. Qd4+ Kh7 47.
Qc4 Qh2+ 48. Kf1 Qh1+ 49. Ke2 Qxg2+ 50. Kd3 Qxf3 51. Kc2 g2 52. Kb1 g1=Q 53. Rxg1 Rxg1+ 54. Kb2 Rg2+ 55. Kc3 Qxe3+ 56. Kb4 Rb2+ 57. Ka4 Qe8+ 58. c6 Qa8+ 0-1

[Event "Early-Titled-Tuesday-Blitz-March-19-2024"]
[Site "Chess.com"]
[Date "2024.03.19"]
[Round "7"]
[White "azikom"]
[Black "kleber2007"]
[Result "1/2-1/2"]
[WhiteElo "2614"]
[BlackElo "2476"]
[TimeControl "180+1"]
[EndTime "9:19:57 PDT"]
[Termination "Game drawn by repetition"]

1. c4 e6 2. e4 d5 3. exd5 exd5 4.
cxd5 Nf6 5. Bb5+ Nbd7 6. Nc3 Bd6 7. d4 O-O 8. Nf3 Nb6 9. O-O Nbxd5 10. Bg5 Bf4 11. Bh4 Bg4 12. h3 Bh5 13. Bc4 c6 14. Qd3 Bg6 15. Qd1 Qd6 16. Re1 Rfe8 17. Qb3 b5 18. Bf1 Nxc3 19. bxc3 Nd5 20. a4 a6 21. c4 bxc4 22. Bxc4 a5 23. Rxe8+ Rxe8 24. Qb7 Bh5 25. Ne5 Bxe5 26. dxe5 Qxe5 27. Rb1 Nb4 28. Bg3 Qe4 29. Rc1 Be2 30. Bxe2 Qxe2 31. Qd7 Qe6 32. Qc7 Qd5 33. Kh2 h5 34. Qb6 Nd3 35. Rxc6 Re4 36. Rc8+ Kh7 37. Qb8 h4 38. Rh8+ Kg6 39. Bxh4 Qe5+ 40. Qxe5 Nxe5 41.
Bg3 f6 42. Ra8 Rxa4 43. Bxe5 fxe5 44. Ra6+ Kf5 45. Ra7 g5 46. g4+ Kf6 47. Ra6+ Kf7 48. Kg2 Ra3 49. f3 a4 50. Kf2 Ra1 51. Ra5 Ke6 52.
Kg2 a3 53. Ra6+ Kf7 54. Kg3 a2 55. Kg2 Kg7 56. Ra5 Kf6 57. Ra4 Ke6 58. Ra5 Kd6 59. Ra6+ Ke7 60. Ra8 Kf6 61. Ra4 Ke6 62. Ra3 Kd5 63.
Ra4 Ke6 1/2-1/2